AoeStats
← Roushwant4227

Arabia

503754337Analyzed
2v2 RM · 1mo ago on Sep 2, 2026· 21m 20s· 4 players
Game mode
Random Map
Map size
Medium (4 player)
Population
200
Speed
Normal
Resources
Standard
Victory
Conquest
Starting age
Dark Age
Ending age
Imperial Age
RankedLock teamsTeams togetherTeam positionsShared explorationLock speedFull tech treeHidden civsTurbo modeCheats
Victory
Defeat
🇪🇸 Lithuanians · Spain
995
+18
🇺🇸 Armenians · United States
987
+19
🇫🇷 Franks · France
1060
-19
🇨🇳 Italians · China
1039
-18
Chris
2:59 Loom
10:11 Feudal Age
10:43 Man-at-Arms
11:33 Double-Bit Axe
15:03 Long Swordsman
Roushwant4227
7:05 Loom
9:39 Feudal Age
14:53 Scale Barding Armor
16:46 Double-Bit Axe
22:37 Castle Age
21:32 Forging
21:47 Bloodlines
Baruchiev
5:05 Loom
9:43 Feudal Age
17:54 Fletching
勇闯天涯
7:31 Loom
10:26 Feudal Age
12:09 Double-Bit Axe
20:25 Castle Age
20:16 Wheelbarrow
21:07 Fletching
21:18 Padded Archer Armor
Connection lost

Rejoining the realm…

Still unreachable

The connection could not be restored.

Session expired

The server has moved on; the page needs a fresh start.